 Dungeon Crawl Stone Soup version 0.30.0-5-g1a98f26d00 (webtiles) character file.

Game seed: 17490460034525137940

25910 Kranky the Fighter (level 12, -3/110 HPs)
             Began as a Demonspawn Gladiator on May 11, 2023.
             Was a Priest of Ashenzari.
             Slain by Rupert
             ... wielding a +1 great mace of protection
              (11 damage)
             ... on level 12 of the Dungeon.
             The game lasted 00:37:12 (12941 turns).

Kranky the Fighter (Demonspawn Gladiator)          Turns: 12941, Time: 00:37:12

Health: -3/110     AC: 19    Str: 24    XL:     12   Next: 93%
Magic:  0/12       EV: 14    Int: 10    God:    Ashenzari [***...]
Gold:   1589       SH: 15    Dex: 16    Spells: 11/11 levels left

rFire   + . .        C - +8 rapier "Perceptive Chagrin" {venom, *Slow Fly rPois Str+6, Evo, Fort} (curse)
rCold   . . .        O - +0 kite shield
rNeg    . . .        f - +0 ring mail {rF+}
rPois   +            z - +2 hat {SInv}
rElec   .            w - +1 cloak of the Bound Apathy {rPois, Melee, Comp} (curse)
rCorr   +            b - +2 pair of gloves of Supernal Gnosis {infuse, Evo, Melee} (curse)
SInv    +            u - +1 pair of boots "Distant Malaise" {Self, Bglg} (curse)
Will    .....        x - amulet of Curses and Power {Reflect SH+5, Melee, Range} (curse)
Stlth   +            G - ring of resist corrosion
HPRegen 0.38/turn    (no ring)
MPRegen 0.26/turn

%: slow self (1%), reflection, clarity, guardian spirit
@: flying
A: horns 2, yellow scales 1, demonic guardian 2, magic shield, magic
regeneration
a: Renounce Religion, Curse Item, Shatter the Chains


You were on level 12 of the Dungeon.
You worshipped Ashenzari.
Ashenzari was most pleased with you.
You visited 2 branches of the dungeon, and saw 14 of its levels.
You also visited: Ossuary.

You collected 1749 gold pieces.
You spent 160 gold pieces at shops.

Inventory:

Hand Weapons
 C - the cursed +8 rapier "Perceptive Chagrin" (weapon) {venom, *Slow Fly rPois Str+6, Evo, Fort}
   (You found it on level 3 of the Dungeon)

   Str:       It affects your strength (+6).
   rPois:     It protects you from poison.
   Fly:       It grants you flight.
   *Slow:     It may slow you when you take damage.
   It has a curse which improves the following skills: Evocations: Evocations.
   Fortitude: Armour and Shields.
Missiles
 d - 17 throwing nets (quivered)
 e - a javelin
Armour
 b - the cursed +2 pair of gloves of Supernal Gnosis (worn) {infuse, Evo, Melee}
   (You acquired it on level 7 of the Dungeon)

   It has a curse which improves the following skills: Evocations: Evocations.
   Melee Combat: Short Blades, Long Blades, Axes, Maces & Flails, Polearms,
   Staves and Unarmed Combat.
 f - a +0 ring mail of fire resistance (worn)
 m - a +0 scale mail
 u - the cursed +1 pair of boots "Distant Malaise" (worn) {Self, Bglg}
   (You found it on level 2 of the Dungeon)

   It has a curse which improves the following skills: Introspection: Fighting
   and Spellcasting.
   Beguiling: Conjurations, Hexes and Translocations.
 w - the cursed +1 cloak of the Bound Apathy (worn) {rPois, Melee, Comp}
   (You acquired it on level 8 of the Dungeon)

   It has a curse which improves the following skills: Melee Combat: Short
   Blades, Long Blades, Axes, Maces & Flails, Polearms, Staves and Unarmed
   Combat.
   Companions: Summonings and Necromancy.
 z - a +2 hat of see invisible (worn)
 O - a +0 kite shield (worn)
Jewellery
 x - the cursed amulet of Curses and Power (around neck) {Reflect SH+5, Melee, Range}
   (You found it in an ossuary)

   [amulet of reflection]

   It reflects blocked missile attacks.
   SH:        It affects your SH (+5).
   It has a curse which improves the following skills: Melee Combat: Short
   Blades, Long Blades, Axes, Maces & Flails, Polearms, Staves and Unarmed
   Combat.
   Ranged Combat: Ranged Weapons and Throwing.
 D - a ring of wizardry
 G - a ring of resist corrosion (left hand)
Wands
 r - a wand of mindburst (12)
 H - a wand of paralysis (29)
 I - a wand of polymorph (7)
 J - a wand of quicksilver (2)
 K - a wand of iceblast (13)
 L - a wand of digging (3)
Scrolls
 a - 3 scrolls of magic mapping
 c - 3 scrolls of blinking
 h - 3 scrolls of poison
 i - a scroll of enchant weapon
 q - 3 scrolls of amnesia
 s - 2 scrolls of enchant armour
 v - 4 scrolls of silence
 y - 6 scrolls of teleportation
 A - 2 scrolls of fog
 B - 2 scrolls of fear
 N - a scroll of acquirement
Potions
 g - 2 potions of ambrosia
 j - 2 potions of brilliance
 k - 2 potions of resistance
 l - 6 potions of curing
 n - 3 potions of magic
 o - 3 potions of haste
 p - 6 potions of flight
 t - 8 potions of berserk rage
 E - 3 potions of heal wounds
 F - 4 potions of might
 M - a potion of cancellation


   Skills:
 * Level 13.9(15.3) Fighting
 - Level 11.1(14.0) Short Blades
 - Level 4.0(6.7) Maces & Flails
 - Level 3.7(6.4) Polearms
 - Level 1.7(2.8) Throwing
 + Level 8.2(9.8) Armour
 + Level 8.5 Dodging
 + Level 4.7(6.1) Shields
 - Level 4.1(6.2) Evocations


You had 11 spell levels left.
You didn't know any spells.
Your spell library contained the following spells:

 Spells                   Type           Power      Damage    Failure   Level
 Kiss of Death            Conj/Necr      0%         2d5       69%         1
 Necrotise                Necr           0%         1d4       69%         1
 Foxfire                  Conj/Fire      0%         2x1d4     71%         1
 Sandblast                Erth           0%         2d4       71%         1
 Shock                    Conj/Air       0%         1d3       71%         1
 Cigotuvi's Dreadful Rot  Necr/Pois/Air  0%         N/A       83%         2
 Passwall                 Tmut/Erth      0%         N/A       85%         2
 Poisonous Vapours        Pois/Air       0%         N/A       85%         2
 Confusing Touch          Hex            0%         N/A       96%         3
 Dazzling Flash           Conj/Hex       0%         N/A       96%         3
 Vampiric Draining        Necr           0%         2d6       96%         3
 Mephitic Cloud           Conj/Pois/Air  0%         N/A       97%         3
 Stone Arrow              Conj/Erth      0%         3d7       97%         3
 Swiftness                Air            0%         N/A       97%         3
 Airstrike                Air            0%         2d(0-16)  100%        4
 Dispel Undead            Necr           0%         3d6       100%        4
 Leda's Liquefaction      Hex/Erth       0%         N/A       100%        4
 Agony                    Necr           0%         N/A       100%        5
 Freezing Cloud           Conj/Ice/Air   0%         6-21      100%        5
 Lee's Rapid Deconstruct  Erth           0%         3d4*      100%        5
 Silence                  Hex/Air        0%         N/A       100%        5
 Starburst                Conj/Fire      0%         6d3       100%        6
 Statue Form              Tmut/Erth      0%         N/A       100%        6
 Summon Cactus Giant      Summ           0%         N/A       100%        6
 Spellforged Servitor     Conj/Summ      0%         N/A       100%        7
 Borgnjor's Revivificati  Necr           0%         N/A       100%        8
 Ignition                 Fire           0%         3d3       100%        8
 Necromutation            Tmut/Necr      0%         N/A       100%        8
 Death's Door             Necr           0%         N/A       100%        9


Dungeon Overview and Level Annotations

Branches:
Dungeon (13/15) Temple (1/1) D:6 Lair (0/5) D:11 Orc (0/2) D:11 Vaults (0/5) D:12 D:13 Ossuary (visited)

Altars:
Ashenzari
Cheibriados
Dithmenos
Fedhas
Gozag
Hepliaklqana
Kikubaaqudgha
Makhleb
Nemelex Xobeh
Okawaru
Qazlal
Ru
Sif Muna
Trog
Uskayaw
Vehumet
Wu Jian
Xom
Yredelemnul

Shops:
D:1 (   D:2 [   D:3 *   D:5 :   D:9 [

Annotations:
D:12 Rupert
D:13 Jorgrun, Sonja


Innate Abilities, Weirdness & Mutations

You have a pair of horns on your head.
You are partially covered in yellow scales. (AC +2)
A demonic guardian rushes to your aid.
When hurt, damage is shared between your health and your magic reserves.
You regenerate magic rapidly.


Message History

The centaur hits you but does no damage.
The centaur closely misses you.
Rupert hits you with a +1 great mace of protection!!!
You block the human's attack. x2
You puncture Rupert!
Rupert looks as sick as possible!
Rupert is lightly wounded.
You block the centaur's attack.
The centaur kicks you but does no damage.
Rupert hits you with a +1 great mace of protection!!
* * * LOW HITPOINT WARNING * * *
You puncture Rupert! Your headbutt misses Rupert.
Rupert is lightly wounded.
You block the centaur's attack. x2; You block the human's attack.
The human hits you but does no damage.
Rupert hits you with a +1 great mace of protection!
* * * LOW HITPOINT WARNING * * *
You feel much better. You block the centaur's attack. x2
You block Rupert's attack. The human misses you.
The human hits you but does no damage. The centaur hits you.
* * * LOW HITPOINT WARNING * * *
The centaur kicks you but does no damage.
Okay, then.
You block the centaur's attack. The centaur closely misses you.
The human hits you.
* * * LOW HITPOINT WARNING * * *
Rupert hits you with a +1 great mace of protection!!
* * * LOW HITPOINT WARNING * * *
You see here a human skeleton.
The centaur attacks as you move away! You block the centaur's attack. x2
The centaur wields a +0 shortbow.
The centaur shoots an arrow.
The arrow misses you.
You see here a +0 shortbow.
Rupert closely misses you. Rupert attacks as you move away!
Rupert hits you but does no damage. You block Rupert's attack.
You block Rupert's attack. Rupert attacks as you move away!
Rupert hits you but does no damage.
Rupert rages.
Rupert hits you with a +1 great mace of protection!
You die...

........# #.)#####....####.......
..###.######.......##....#.......
...............#########.#.......
####..<..####.## #......... #
##.##..# #.# ##.....?.. #
#.###.###.### ######...## #
#.###..##...# #.....##.##
#.....)(....#######.....##..#
########.#..@@pc.p......###.#
#.....######)))..# #.. ###...#
#÷>...# ##. ##..# #>†[..# ## #..#
#)....# # #..### ####### #....#
######


You could see Rupert (berserk, very poisoned), 2 humans and a centaur.

Vanquished Creatures
  Gastronok (D:10)
  Snorg (D:11)
  Erolcha (D:10)
  Harold (D:11)
  2 centaur warriors (D:12)
  Fannar (D:11)
  A boulder beetle (D:12)
  2 two-headed ogres
  A tengu warrior (D:12)
  The ghost of lotum the Destroyer, a novice TeCj of Sif Muna (D:8)
  Lodul (D:11)
  5 slime creatures (D:12)
  A deep elf pyromancer (D:12)
  A cyclops (D:12)
  Maurice (D:11)
  2 gargoyles
  2 unseen horrors
  An unseen horror zombie (D:8)
  A spectral unseen horror (D:8)
  2 trolls
  Prince Ribbit (D:7)
  3 wraiths
  A shadow (D:10)
  A wyvern (D:9)
  17 yaks
  A vampire (D:12)
  8 humans (D:12)
  A basilisk (D:11)
  3 steam dragons
  2 vampire mosquitoes (D:12)
  An acid dragon (D:9)
  2 ice beasts
  2 black bears (D:6)
  3 orc warriors (D:11)
  3 sky beasts (D:7)
  13 ogres
  6 centaurs
  2 phantoms
  3 kobold brigands
  A bullfrog (D:6)
  5 gnoll sergeants (D:8)
  16 scorpions
  7 wights
  12 killer bees
  3 howler monkeys
  An electric eel (D:8)
  A human zombie (Ossuary)
  5 centaur zombies (Ossuary)
  2 jellies
  13 hounds
  4 gnoll boudas
  2 orc priests
  2 sleepcaps
  12 iguanas
  5 orc wizards
  5 scorpion zombies (Ossuary)
  3 mummies (Ossuary)
  7 adders
  26 gnolls (D:8)
  3 white imps
  An ufetubus (D:4)
  A worm (D:2)
  3 dart slugs
  34 orcs
  9 endoplasms
  3 giant cockroaches
  16 goblins
  4 hobgoblins
  7 jackals
  4 quokkas
  8 ball pythons
  3 bats
  2 frilled lizards
  2 gnoll zombies (Ossuary)
  3 goblin zombies (Ossuary)
  A hobgoblin zombie (Ossuary)
  23 kobolds
  2 kobold zombies (Ossuary)
  An orc zombie (Ossuary)
  6 rats
370 creatures vanquished.

Vanquished Creatures (collateral kills)
  A manticore (D:12)
  An unseen horror skeleton (D:8)
  2 slime creatures (D:12)
  A scorpion (D:7)
  A hound (D:6)
  An orc wizard (D:12)
  A howler monkey skeleton (D:8)
  A gnoll (D:8)
  An orc (D:12)
  A jackal (D:8)
  A ball python (D:4)
12 creatures vanquished.

Vanquished Creatures (others)
  An orc wizard (D:5)
  A gnoll (D:8)
2 creatures vanquished.

Grand Total: 384 creatures vanquished

Notes
Turn   | Place    | Note
-------+----------+-------------------------------------------
     0 | D:1      | Kranky the Demonspawn Gladiator began the quest for the
                  | Orb.
     0 | D:1      | Reached XP level 1. HP: 16/16 MP: 1/1
    95 | D:1      | Gained mutation: You have a pair of small horns on your
                  | head. [demonic ancestry]
    95 | D:1      | Reached XP level 2. HP: 22/22 MP: 2/2
   206 | D:1      | Found Qoshas's Weapon Shop.
   729 | D:2      | Gained mutation: You are partially covered in yellow
                  | scales. (AC +2) [demonic ancestry]
   729 | D:2      | Reached XP level 3. HP: 28/28 MP: 3/3
   852 | D:2      | Reached skill level 1 in Armour
   875 | D:2      | Found a faded altar of an unknown god.
   951 | D:2      | Reached skill level 1 in Maces & Flails
  1154 | D:2      | Found Etoriutoc's Antique Armour Shoppe.
  1297 | D:2      | Gained mutation: A weak demonic guardian rushes to your
                  | aid. [demonic ancestry]
  1297 | D:2      | Reached XP level 4. HP: 34/34 MP: 4/4
  1741 | D:3      | You fall into a shaft and drop 3 floors!
  1741 | D:6      | Found a shadowy altar of Dithmenos.
  1830 | D:5      | Entered Level 5 of the Dungeon
  1830 | D:5      | Noticed a scorpion
  1831 | D:5      | Noticed a phantom
  1955 | D:6      | Gained mutation: You regenerate magic rapidly. [demonic
                  | ancestry]
  1955 | D:6      | Reached XP level 5. HP: 37/39 MP: 5/5
  2033 | D:6      | Noticed an ice beast
  2053 | D:6      | Killed an ice beast
  2054 | D:6      | Reached XP level 6. HP: 23/46 MP: 6/6
  2341 | D:6      | Reached skill level 3 in Fighting
  2341 | D:6      | Found a staircase to the Ecumenical Temple.
  2357 | Temple   | Entered the Ecumenical Temple
  2723 | D:6      | Gained mutation: A demonic guardian rushes to your aid.
                  | [demonic ancestry]
  2723 | D:6      | Reached XP level 7. HP: 52/52 MP: 7/7
  2855 | D:5      | Found Munuris's Book Emporium.
  3320 | D:3      | Identified the +8 rapier of the Pyrrhic Victory {venom,
                  | *Slow Fly rPois Str+6}
  3518 | D:3      | Found Izod's General Store.
  3526 | D:3      | Bought a scroll of teleportation for 30 gold pieces
  3526 | D:3      | Bought 2 potions of heal wounds for 100 gold pieces
  3526 | D:3      | Bought a potion of curing for 30 gold pieces
  3680 | D:3      | Found a broken altar of Ashenzari.
  3680 | D:3      | Found a stormy altar of Qazlal.
  3680 | D:3      | Found a shimmering altar of Xom.
  3683 | D:3      | Got the Compilation of the Inferno and Despicable Acts
  3689 | D:3      | Found an iron altar of Okawaru.
  3689 | D:3      | Found a hide-covered altar of Uskayaw.
  3706 | D:3      | Became a worshipper of Ashenzari the Shackled
  4091 | D:4      | Reached skill level 1 in Short Blades
  4132 | D:4      | Reached XP level 8. HP: 42/60 MP: 8/8
  4495 | D:5      | Reached skill level 4 in Fighting
  4675 | D:5      | Reached skill level 5 in Short Blades
  5083 | D:6      | Gained mutation: When hurt, damage is shared between your
                  | health and your magic reserves. [demonic ancestry]
  5083 | D:6      | Reached XP level 9. HP: 64/66 MP: 9/9
  5116 | D:6      | Reached skill level 5 in Armour
  5537 | D:6      | Found a hazy altar of Hepliaklqana.
  5551 | D:6      | Found a radiant altar of Vehumet.
  5589 | D:7      | Reached * piety under Ashenzari
  5589 | D:7      | Identified a scroll of acquirement
  5590 | D:7      | Acquired a +2 pair of gloves of infusion
  5735 | D:7      | Noticed Prince Ribbit
  5741 | D:7      | Killed Prince Ribbit
  5742 | D:7      | Reached skill level 5 in Dodging
  5760 | D:7      | Found a sand-covered staircase.
  5840 | Ossuary  | Entered an ossuary
  6056 | Ossuary  | Reached skill level 5 in Fighting
  6315 | Ossuary  | Reached XP level 10. HP: 76/76 MP: 3/10
  6498 | D:7      | Reached ** piety under Ashenzari
  6534 | D:7      | Identified Sif Muna's Omnibus of Intoxication and
                  | Assembling
  6759 | D:8      | Found a runed translucent gate.
  6759 | D:8      | Found a runed translucent gate.
  6759 | D:8      | Found a runed translucent gate.
  6777 | D:7      | Reached skill level 1 in Evocations
  6971 | D:8      | Found an opulent altar of Gozag.
  7237 | D:8      | Found a shimmering blue altar of Sif Muna.
  7866 | D:8      | Reached skill level 10 in Short Blades
  8054 | D:8      | Acquired a manual of Fighting
  8056 | D:8      | Acquired 502 gold pieces
  8057 | D:8      | Acquired a +1 cloak of poison resistance
  8177 | D:8      | Noticed lotum's ghost (novice TeCj)
  8289 | D:8      | Reached skill level 1 in Shields
  8296 | D:8      | Killed lotum's ghost
  8303 | D:8      | Reached skill level 6 in Fighting
  8399 | D:9      | Gained mutation: You have a pair of horns on your head.
                  | [demonic ancestry]
  8399 | D:9      | Reached XP level 11. HP: 84/84 MP: 4/11
  8643 | D:9      | Reached *** piety under Ashenzari
  8755 | D:9      | Found Caimyc's Armour Shop.
  9400 | D:10     | Entered Level 10 of the Dungeon
  9430 | D:10     | Noticed Gastronok
  9443 | D:10     | Killed Gastronok
  9580 | D:10     | Noticed Erolcha
  9604 | D:10     | Killed Erolcha
  9865 | D:10     | Reached skill level 7 in Fighting
  9955 | D:10     | Noticed a two-headed ogre
  9964 | D:10     | Killed a two-headed ogre
 10227 | D:10     | Reached skill level 8 in Fighting
 10449 | D:11     | Found a staircase to the Lair.
 10557 | D:11     | Found a staircase to the Orcish Mines.
 10641 | D:11     | Noticed Snorg
 10664 | D:11     | Killed Snorg
 10665 | D:11     | Reached skill level 9 in Fighting
 10813 | D:11     | Noticed Harold
 10830 | D:11     | Killed Harold
 11006 | D:11     | Identified the +5 mace "Nus Hila" {venom, rF+}
 11042 | D:11     | Noticed a two-headed ogre
 11053 | D:11     | Killed a two-headed ogre
 11054 | D:11     | Reached skill level 10 in Fighting
 11096 | D:11     | Noticed Maurice
 11108 | D:11     | Killed Maurice
 11109 | D:11     | Reached XP level 12. HP: 85/101 MP: 4/12
 11261 | D:11     | Noticed Lodul
 11297 | D:11     | Killed Lodul
 11489 | D:11     | Noticed Fannar
 11501 | D:11     | Killed Fannar
 11502 | D:11     | Reached skill level 11 in Fighting
 11920 | D:12     | Reached skill level 12 in Fighting
 12047 | D:12     | Noticed a boulder beetle
 12070 | D:12     | Killed a boulder beetle
 12243 | D:12     | Reached skill level 13 in Fighting
 12623 | D:13     | Noticed Rupert
 12623 | D:13     | Noticed a centaur warrior
 12623 | D:13     | Noticed a centaur warrior
 12623 | D:13     | Noticed a tengu warrior
 12623 | D:13     | Noticed a tengu warrior
 12623 | D:13     | Found a gate to the Vaults.
 12634 | D:13     | Noticed Sonja
 12665 | D:12     | Killed a tengu warrior
 12733 | D:13     | Noticed Jorgrun
 12733 | D:13     | Noticed a centaur warrior
 12739 | D:12     | Killed a centaur warrior
 12782 | D:12     | Killed a centaur warrior
 12933 | D:12     | HP: 5/110 [Rupert/+1 great mace of protection (20)]
 12941 | D:12     | Slain by Rupert

Illustrated notes

Levels and vault maps discovered:
D:1:      ldierk_walled_garden_2, layout_rooms, serial_shops,
          nicolae_shop_tiny_real_fake_doors, st_stairs_10, glass_columns_c,
          bh_walls_and_bars
D:2:      layout_basic, hellmonk_ecumenical_altar_lost_god, serial_shops,
          nicolae_shop_overgrown_old_shop, minmay_liquid_box
D:3:      layout_basic, minmay_overflow_temple_hex, serial_shops,
          nicolae_shop_advertising_works [nicolae_subvault_shop_adworks]
D:4:      layout_basic, minmay_pentomino_pile
D:5:      layout_basic, serial_shops, nicolae_square_shop, minmay_ogre_servants
D:6:      layout_basic, grunt_temple_overflow_diamond, temple_fountains,
          grunt_decor_junction, minmay_door_square, st_stairs_13,
          kennysheep_generic_room_7
D:7:      layout_rooms, enter_ossuary_2, uniq_prince_ribbit1
D:8:      layout_cave_pools, nicolae_sif_muna_condensation,
          nicolae_gozag_cash_rules_everything_around_me, serial_gnoll_camp,
          gnoll_camp_mini_hut, gnoll_camp_mini_loothouse, gnoll_camp_medium_01,
          gnoll_camp_mini_basic, gnoll_camp_huts_moat, gnoll_camp_mini_sergeant,
          gammafunk_ghost_necromancy
D:9:      layout_stronghold, serial_shops, shop
D:10:     layout_loops_ring, uniq_erolcha, uniq_gastronok
D:11:     layout_basic, lair_entry_dummy, david_orc_5, uniq_maurice, uniq_snorg,
          uniq_fannar, uniq_lodul, uniq_harold
D:12:     layout_rooms
D:13:     layout_roguey, david_vaults_3, uniq_jorgrun, uniq_sonja
Temple:   nicolae_temple_bog_church

Skill      XL: |  1  2  3  4  5  6  7  8  9 10 11 12 |
---------------+-------------------------------------+-----
Dodging        | 3 4 5 7 8 |  8.5
Armour         | 1 2 3 4 5 6 7 8 |  8.2
Maces & Flails | 1 2 3 4 |  4.0
Fighting       | 3 4 5 6 10 13 | 13.9
Polearms       | 3 |  3.7
Short Blades   | 1 5 8 10 11 | 11.1
Evocations     | 2 4 |  4.1
Shields        | 1 3 4 |  4.7
Throwing       | |  1.7

Action                     |  1- 3 |  4- 6 |  7- 9 | 10-12 || total
---------------------------+-------+-------+-------+-------++-------
  Melee: Trident           |    33 |     3 |    62 |       ||    98
         Whip              |    82 |   100 |       |       ||   182
         Headbutt          |    11 |    18 |    82 |   148 ||   259
         Rapier            |       |       |   286 |   702 ||   988
         Punch             |       |       |     8 |    12 ||    20
 Invoke: Curse Item        |       |       |     2 |     3 ||     5
    Use: Scroll            |       |       |    11 |     3 ||    14
         Potion            |       |       |       |     3 ||     3
 Armour: Leather armour    |    16 |       |       |       ||    16
         Scale mail        |    26 |    44 |   195 |     1 ||   266
         Ring mail         |       |       |       |   221 ||   221
  Dodge: Dodged            |    86 |    42 |   184 |   356 ||   668
  Block: Other             |       |       |       |   106 ||   106
         Reflection        |       |       |       |    17 ||    17
         Kite shield       |       |       |       |   108 ||   108
